 Dungeon Crawl Stone Soup version 0.16.0-12-g7215832 (webtiles) character file.

5 RobertPalmer the Skirmisher (level 1, -5/16 HPs)
             Began as an Octopode Abyssal Knight on Mar 18, 2015.
             Was an Initiate of Lugonu.
             Slain by a gnoll (7 damage)
             ... on level 1 of the Dungeon.
             The game lasted 00:01:00 (352 turns).

RobertPalmer the Skirmisher (OpAK)                   Turns: 352, Time: 00:01:00

Health: -5/16      AC:  1    Str: 11    XL:     1   Next: 80%
Magic:  1/1        EV: 12    Int: 14    God:    Lugonu [......]
Gold:   22         SH:  0    Dex: 11    Spells: 0 memorised, 0 levels left

rFire  . . .     SeeInvis .     a - +1 falchion
rCold  . . .     Clarity  .     (no shield)
rNeg   . . .     SustAb   .     (helmet restricted)
rPois  .         Gourm    .     (no amulet)
rElec  .         Spirit   .     (no ring)
rCorr  .         Warding  .     (no ring)
rMut   .         Stasis   .     (no ring)
MR     .....                    (no ring)
Stlth  ++........               (no ring)
                                (no ring)
                                (no ring)
                                (no ring)

@: not resistant to hostile enchantments, unstealthy
A: almost no armour, amphibious, 8 rings, constrict 8, camouflage 1, gelatinous
body 1
a: Renounce Religion


You were on level 1 of the Dungeon.
You worshipped Lugonu.
Lugonu was noncommittal.
You were not hungry.

You visited 1 branch of the dungeon, and saw 1 of its levels.
You visited the Abyss 1 time.

You collected 22 gold pieces.

Inventory:

Hand weapons
 a - a +1 falchion (weapon)
Scrolls
 e - a scroll of remove curse {unknown}
 g - a scroll of recharging {unknown}
Potions
 b - 2 potions of haste {unknown}
 d - a potion of beneficial mutation {unknown}
Comestibles
 c - a bread ration {@e1}
 f - 3 chunks of flesh {@w0}


   Skills:
 - Level 3.0 Fighting
 + Level 2.5 Long Blades
 - Level 2.3 Dodging
 - Level 2.0 Invocations


You couldn't memorise any spells.
You didn't know any spells.

Dungeon Overview and Level Annotations

Branches:
Dungeon (1/15)

Altars:


Innate Abilities, Weirdness & Mutations

You cannot wear most types of armour.
You are amphibious.
You can wear up to eight rings at the same time.
You can use your tentacles to constrict many enemies at once.
Your skin changes colour to match your surroundings (Stealth).
Your rubbery body absorbs attacks (AC +1).


Message History

a dagger; a kobold corpse You now have 8 gold pieces (gained 1).
Things that are here:
a dagger; a kobold corpse The kobold corpse is consumed by the void.
Lugonu is noncommittal.
Found a stone staircase leading down.
MP restored: 1 A goblin comes into view.
It is wielding a dagger.
A goblin is nearby!
A goblin is nearby!
A goblin is nearby!
A kobold comes into view.
The goblin shouts!
The kobold shouts!
You barely miss the goblin. Your grab misses the goblin.
You squeeze the goblin. The goblin completely misses you.
You closely miss the goblin. You grab the goblin. You constrict the goblin.
The goblin closely misses you.
You slash the goblin!
You kill the goblin!
Lugonu accepts your kill.
The kobold hits you but does no damage. x2
You hit the kobold but do no damage. Your grab misses the kobold.
Your squeeze misses the kobold. The kobold barely misses you.
You hit the kobold!
You kill the kobold!
Lugonu accepts your kill.
No target in view!
You see here a dagger.
You see here a whip.
A rat comes into view.
A rat is nearby!
A rat is nearby!
A rat is nearby!
You see here 14 gold pieces.
The helpless rat fails to defend itself.
You slash the rat!
You kill the rat!
Lugonu accepts your kill.
No target in view!
You now have 22 gold pieces (gained 14).
d - a white potion A hobgoblin comes into view.
It is wielding a club.
A hobgoblin is nearby!
A hobgoblin is nearby!
A rat comes into view.
The hobgoblin shouts!
The rat twitches its whiskers.
The hobgoblin misses you.
You closely miss the hobgoblin. You grab the hobgoblin.
You constrict the hobgoblin, but do no damage.
The hobgoblin hits you with a club.
You take 5 damage, and have 11/16 hp.
MASSIVE DAMAGE!!
You hit the hobgoblin. You squeeze the hobgoblin.
You kill the hobgoblin!
Lugonu accepts your kill. The rat bites you.
You take 1 damage, and have 10/16 hp.
You hit the rat.
You kill the rat!
Lugonu accepts your kill.
Things that are here:
a club; a hobgoblin corpse You butcher the hobgoblin corpse.
f - 2 chunks of flesh {@w0}
Things that are here:
a club; a hobgoblin skeleton You see here a rat corpse.
You butcher the rat corpse.
f - 3 chunks of flesh {@w0} (gained 1)
You see here a rat skeleton.
e - a scroll labeled FREIRI MNUDAMP You start resting.
You regained 5 hp, and now have 15/16 hp.
Unknown command.
g - a scroll labeled HYIVUA ZALIN Health restored: 16 A gnoll comes into view.
A gnoll is nearby!
A gnoll is nearby!
A gnoll is nearby!
Found a stone staircase leading down.
The gnoll shouts!
The gnoll hits you.
You take 6 damage, and have 10/16 hp.
MASSIVE DAMAGE!!
You hit the gnoll. You grab the gnoll. You constrict the gnoll.
The gnoll completely misses you. The gnoll barely misses you.
You hit the gnoll but do no damage.
You constrict the gnoll, but do no damage.
The gnoll hits you!
Ouch! That really hurt!
* * * LOW HITPOINT WARNING * * *
You take 8 damage, and have 2/16 hp.
MASSIVE DAMAGE!!
You hit the gnoll but do no damage. You constrict the gnoll.
The gnoll hits you!
You die...

#.###...# #.#.....# #
###.#.#...#######.# # #.
#.....#...........####
#.>.#.#.###.......#P......
#...............#.#≈P.....
.....#.#.###..#..#.#≈≈P....
## #.....#..#.##.#≈≈≈P..[ #
###.#@#..####.#≈≈≈≈P.. ..
#.#.g..#....#≈≈≈≈≈P.
#.###.###..#....#≈≈≈≈P..
#..........#....#≈≈≈P...
#..............#≈≈P....
#.##)÷.........#≈P.....
##.##...........#P......
....+..............####.
##..##..........###.## #.


You could see a gnoll.

Vanquished Creatures
  A goblin (D:1)
  A hobgoblin (D:1)
  2 kobolds (D:1)
  2 rats (D:1)
6 creatures vanquished.

Notes
Turn   | Place    | Note
--------------------------------------------------------------
     0 | Abyss:1  | RobertPalmer, the Octopode Abyssal Knight, began the quest for the Orb.
     0 | Abyss:1  | Reached XP level 1. HP: 16/16 MP: 1/1
    25 | Abyss:1  | Noticed a golden eye
    57 | Abyss:1  | Noticed a small abomination
    60 | Abyss:1  | Noticed a small abomination
   104 | Abyss:1  | Noticed a small abomination
   118 | D:1      | Escaped the Abyss
   351 | D:1      | HP: 2/16 [gnoll (8)]
   352 | D:1      | Slain by a gnoll

Action                   || total
-------------------------++-------
Melee: Falchion          ||    13
Invok: Depart the Abyss  ||     1
 Stab: Sleeping          ||     1

Vault maps used:
D:1:      eino_arrival_druids_welcome, minmay_misc_feat_roman,
          supply_closet_lemuel, corexii_hall_statues_l
Abyss:1:  evilmike_abyss_exit_12

Table legend:
 A = Turns spent in this place as a percentage of turns spent in the entire game.
 B = Non-inter-level travel turns spent in this place as a percentage of non-inter-level travel turns spent in the entire game.
 C = Inter-level travel turns spent in this place as a percentage of turns spent in this place.
 D = Turns resting spent in this place as a percentage of non-inter-level travel turns spent in this place.
 E = Turns spent auto-exploring this place as a percentage of non-inter-level travel turns spent in this place.
 F = Non-inter-level travel turns spent in this place divided by the number of levels of this place that you've seen.
                   A       B       C       D       E      F
               +-------+-------+-------+-------+-------+----------------------
         Total | 100.0 | 100.0 |   0.0 |   2.6 |   4.5 |  78.0
       Dungeon |  46.8 |  46.8 |   0.0 |   2.7 |   9.6 |  73.0
         Abyss |  53.2 |  53.2 |   0.0 |   2.4 |   0.0 |  83.0
               +-------+-------+-------+-------+-------+----------------------

Table legend:
 A = Kills in this place as a percentage of kills in entire the game.
 B = Kills by you in this place as a percentage of kills by you in the entire game.
 C = Kills by friends in this place as a percentage of kills by friends in the entire game.
 D = Other kills in this place as a percentage of other kills in the entire game.
 E = Experience gained in this place as a percentage of experience gained in the entire game.
 F = Experience gained in this place divided by the number of levels of this place that you have seen.
                   A       B       C       D       E      F
               +-------+-------+-------+-------+-------+----------------------
         Total | 100.0 | 100.0 |  -nan |  -nan | 100.0 |   4.0
       Dungeon | 100.0 | 100.0 |  -nan |  -nan | 100.0 |   8.0
               +-------+-------+-------+-------+-------+----------------------
